 Dungeon Crawl Stone Soup version 0.18.1-50-g88ac8fd (webtiles) character file.

910 Peloso the Covered (level 7, -9/62 HPs)
             Began as a Minotaur Fighter on Sept 15, 2016.
             Mangled by a decayed bog body (17 damage)
             ... in an ossuary.
             The game lasted 00:10:26 (4296 turns).

Peloso the Covered (Minotaur Fighter)               Turns: 4296, Time: 00:10:27

Health: -9/62      AC:  9    Str: 20    XL:     7   Next: 81%
Magic:  6/6        EV:  9    Int:  7    God:
Gold:   176        SH: 10    Dex: 12    Spells: 0 memorised, 6 levels left

rFire  . . .     SeeInvis .     a - +0 long sword
rCold  . . .     Gourm    .     b - +0 scale mail
rNeg   . . .     Faith    .     c - +0 shield
rPois  .         Spirit   .     (helmet restricted)
rElec  .         Dismiss  .     w - +0 cloak
rCorr  .         Reflect  .     (no gloves)
SustAt .         Harm     .     (no boots)
MR     .....                    (no amulet)
Stlth  +.........               s - ring of stealth
                                r - +2 ring of intelligence

@: not resistant to hostile enchantments, very unstealthy
A: retaliatory headbutt, horns 2
a: no special abilities


You were in an ossuary.
You were not hungry.

You visited 1 branch of the dungeon, and saw 5 of its levels.
You also visited: Ossuary.

You collected 176 gold pieces.

Inventory:

Hand Weapons
 a - a +0 long sword (weapon)
 n - a +2 dagger of flaming
 z - a +2 rapier of flaming
Armour
 b - a +0 scale mail (worn)
 c - a +0 shield (worn)
 w - a +0 cloak (worn)
Jewellery
 r - a +2 ring of intelligence (left hand)
 s - a ring of stealth (right hand)
 t - an uncursed amulet of the gourmand {unknown}
 x - an uncursed ring of positive energy {unknown}
 C - an uncursed ring of protection from fire {unknown}
Scrolls
 g - a scroll of enchant weapon {unknown}
 j - a scroll of recharging {unknown}
 m - 4 scrolls of identify {unknown}
 o - 2 scrolls of enchant armour {unknown}
 u - a scroll of magic mapping {unknown}
 y - 2 scrolls of teleportation {unknown}
Potions
 d - a potion of might
 e - a potion of heal wounds
 h - 2 potions of haste {unknown}
 i - a potion of degeneration {unknown}
 l - 2 potions of brilliance {unknown}
 p - a potion of cancellation {unknown}
 A - 2 potions of agility {unknown}
 B - a potion of berserk rage {unknown}
Comestibles
 f - 3 bread rations
 k - 3 fruits
 q - 2 meat rations
 v - a beef jerky
 D - 2 chunks of flesh


   Skills:
 + Level 5.7 Fighting
 + Level 4.4 Long Blades
 + Level 6.8 Armour
 + Level 3.4 Dodging
 + Level 6.6 Shields


You had 6 spell levels left.
You didn't know any spells.

Dungeon Overview and Level Annotations

Branches:
Dungeon (5/15)
 Temple: D:4-7

Altars:
Kikubaaqudgha
Ru
Trog
Xom


Innate Abilities, Weirdness & Mutations

You reflexively headbutt those who attack you in melee.
You have a pair of horns on your head.


Message History

You start resting.
You hear a splashing noise.
Something unseen opens the door.
A giant frog zombie comes into view.
A decayed bog body comes into view.
You slash the decayed bog body!
The decayed bog body is heavily damaged.
The decayed bog body hits you! The decayed bog body barely misses you.
You closely miss the decayed bog body.
The decayed bog body is heavily damaged.
You block the decayed bog body's attack. x2
You hit the decayed bog body.
The decayed bog body is severely damaged.
The decayed bog body hits you!
* * * LOW HITPOINT WARNING * * *
You block the decayed bog body's attack.
You closely miss the decayed bog body.
The decayed bog body is severely damaged.
The decayed bog body hits you!
You die...

#####
#..∩#
#.∩.#
#@..#
##n##
.....
≈.#≈#+#'#
## #. #
##


You could see a decayed bog body.

Vanquished Creatures
  Menkaure (D:4)
  A phantom (D:4)
  2 sky beasts
  2 ogres (D:4)
  A giant frog skeleton (D:4)
  Ijyb (D:2)
  An orc wizard (D:5)
  2 mummies (Ossuary)
  3 hound skeletons
  A worker ant zombie (D:5)
  A howler monkey skeleton (D:4)
  8 adders
  2 oozes
  An adder skeleton (D:5)
  2 worms
  3 dart slugs
  A giant gecko (D:5)
  17 orcs
  8 bats
  8 hobgoblins
  8 jackals
  A ball python (D:1)
  2 giant newts
  6 goblins
  2 kobolds
  8 rats
93 creatures vanquished.

Notes
Turn   | Place    | Note
--------------------------------------------------------------
     0 | D:1      | Peloso the Minotaur Fighter began the quest for the Orb.
     0 | D:1      | Reached XP level 1. HP: 19/19 MP: 0/0
   132 | D:1      | Reached XP level 2. HP: 17/27 MP: 1/1
   499 | D:1      | Reached XP level 3. HP: 28/33 MP: 2/2
   707 | D:2      | Noticed Ijyb
   723 | D:2      | Killed Ijyb
   725 | D:2      | Reached XP level 4. HP: 39/40 MP: 3/3
   738 | D:2      | Found a bloodstained altar of Trog.
   822 | D:2      | Found a shimmering altar of Xom.
   823 | D:2      | Found an ancient bone altar of Kikubaaqudgha.
  1083 | D:2      | Reached skill level 1 in Dodging
  1362 | D:3      | Noticed a sky beast
  1385 | D:3      | Killed a sky beast
  1385 | D:3      | Reached skill level 5 in Armour
  1385 | D:3      | Reached skill level 5 in Shields
  1385 | D:3      | Reached XP level 5. HP: 9/47 MP: 4/4
  1705 | D:3      | Found a faded altar to an unknown god.
  1961 | D:3      | Found a sacrificial altar of Ru.
  2570 | D:4      | Reached XP level 6. HP: 52/53 MP: 5/5
  2580 | D:4      | Noticed Menkaure
  2588 | D:4      | Killed Menkaure
  2765 | D:4      | Reached skill level 5 in Fighting
  2989 | D:4      | Reached XP level 7. HP: 61/61 MP: 6/6
  3878 | D:5      | Entered Level 5 of the Dungeon
  4142 | D:5      | Found a sand-covered staircase.
  4149 | Ossuary  | Entered an ossuary
  4296 | Ossuary  | Mangled by a decayed bog body

Skill      XL: |  1  2  3  4  5  6  7 |
---------------+----------------------+-----
Shields        | 4 5 6 |  6.6
Armour         | 4 5 6 |  6.8
Fighting       | 4 5 |  5.7
Dodging        | 1 2 3 |  3.4
Long Blades    | 3 4 |  4.4

Action                   |  1- 3 |  4- 6 |  7- 9 || total
-------------------------+-------+-------+-------++-------
Melee: Long sword        |    71 |   137 |    89 ||   297
       Headbutt          |     6 |    17 |    21 ||    44
  Use: Potion            |       |       |     1 ||     1
  Eat: Chunk             |       |     6 |     4 ||    10
       Fruit             |       |     1 |       ||     1
Armor: Scale mail        |    34 |    60 |    30 ||   124
Dodge: Dodged            |    32 |    51 |    21 ||   104
Block: Shield            |    44 |    86 |    42 ||   172
